 Dungeon Crawl Stone Soup version 0.22-a0-322-g60b3cfd (webtiles) character file.

172 galech the Ruffian (level 5, -4/53 HPs)
             Began as a Troll Monk on Apr 5, 2018.
             Slain by Grinder (6 damage)
             ... while paralysed by Grinder
             ... on level 3 of the Dungeon.
             The game lasted 00:03:30 (1963 turns).

galech the Ruffian (Troll Monk)                     Turns: 1963, Time: 00:03:32

Health: -4/53      AC:  6    Str: 26    XL:     5   Next: 27%
Magic:  4/4        EV:  1    Int:  6    God:
Gold:   61         SH:  0    Dex: 12    Spells: 4/4 levels left

rFire    . . .     SeeInvis .     - Unarmed
rCold    . . .     Gourm    +   (no shield)
rNeg     . . .     Faith    .   a - +0 robe
rPois    .         Spirit   .   (helmet restricted)
rElec    .         Reflect  .   (no cloak)
rCorr    .         Harm     .   (gloves unavailable)
MR       .....                  (boots unavailable)
Stlth    ++........             (no amulet)
HPRegen  0.57/turn              c - +1 ring of protection
MPRegen  0.09/turn              d - +6 ring of strength

@: paralysed
A: large, unfitting armour, claws 3, fast metabolism 3, gourmand, regeneration
1, shaggy fur 1, tough skin 2
a: no special abilities


You were on level 3 of the Dungeon.
You were full.

You visited 1 branch of the dungeon, and saw 3 of its levels.

You collected 61 gold pieces.

Inventory:

Armour
 a - a +0 robe (worn)
Jewellery
 c - a +1 ring of protection (left claw)
 d - a +6 ring of strength (right claw)
 e - an uncursed ring of flight
Scrolls
 i - 2 scrolls of identify {unknown}
Potions
 f - a potion of haste {unknown}
 g - a potion of resistance {unknown}
 h - 3 potions of curing {unknown}
 k - a potion of ambrosia {unknown}
Comestibles
 b - 7 rations


   Skills:
 + Level 3.4 Fighting
 + Level 3.4 Dodging
 - Level 1.1 Stealth
 + Level 4.1 Unarmed Combat


You had 4 spell levels left.
You didn't know any spells.

Dungeon Overview and Level Annotations

Branches:
Dungeon (3/15)

Altars:

Annotations:
D:2 1 runed door
D:3 Grinder


Innate Abilities, Weirdness & Mutations

You are too large for most types of armour.
You have claws for hands.
Your metabolism is lightning-fast.
You like to eat raw meat.
Your natural rate of healing is unusually fast.
You are covered in fur. (AC +1)
You have very tough skin. (AC +2)


Message History

You are too injured to fight recklessly!
You are too injured to fight recklessly!
You are too injured to fight recklessly!
You are too injured to fight recklessly!
You are too injured to fight recklessly!
You are too injured to fight recklessly!
You barely miss Grinder.
Grinder is severely wounded.
Grinder gestures at you.
You suddenly lose the ability to move!
Grinder gestures at you. Pain shoots through your body! Grinder hits you!
* * * LOW HITPOINT WARNING * * *
You writhe in agony.
* * * LOW HITPOINT WARNING * * *
Grinder hits you.
* * * LOW HITPOINT WARNING * * *
You writhe in agony.
You die...

##### # ...#
#.####.###########
#.#..........5@.<#
#......###########.
#.[..##########....
..#.....l............
.....................
..............####...
########.####.# #
#######'## #..#
#....)...# ##.#


You could see Grinder.

Vanquished Creatures
  Terence (D:2)
  Natasha (thrice) (D:2)
  3 adders (D:2)
  A leopard gecko (D:2)
  An orc (D:2)
  3 bats
  A giant cockroach (D:1)
  10 goblins
  8 hobgoblins
  2 quokkas
  5 frilled lizards
  5 kobolds
  A rat (D:3)
44 creatures vanquished.

Notes
Turn   | Place    | Note
-------+----------+-------------------------------------------
     0 | D:1      | galech the Troll Monk began the quest for the Orb.
     0 | D:1      | Reached XP level 1. HP: 22/22 MP: 0/0
   416 | D:1      | Reached XP level 2. HP: 29/29 MP: 1/1
   913 | D:2      | Reached XP level 3. HP: 33/36 MP: 2/2
  1086 | D:2      | Noticed Natasha
  1098 | D:2      | Killed Natasha
  1098 | D:2      | Reached XP level 4. HP: 10/45 MP: 3/3
  1354 | D:2      | Noticed Terence
  1360 | D:2      | Killed Terence
  1428 | D:2      | Found a runed door.
  1708 | D:2      | Noticed Natasha
  1715 | D:2      | Killed Natasha
  1715 | D:2      | Reached skill level 4 in Unarmed Combat
  1715 | D:2      | Reached XP level 5. HP: 39/53 MP: 4/4
  1859 | D:2      | Noticed Natasha
  1864 | D:2      | Killed Natasha
  1907 | D:3      | Noticed Grinder
  1911 | D:3      | Paralysed by Grinder for 7 turns
  1939 | D:3      | Paralysed by Grinder for 5 turns
  1960 | D:3      | Paralysed by Grinder for 6 turns
  1963 | D:3      | HP: 2/53 [Grinder (6)]
  1963 | D:3      | Slain by Grinder

Vault maps used:
D:1:      dpeg_arrival_shrine
D:2:      cheibrodos_greedy_goblins, first_ration, minmay_misc_feat_nine_boxes,
          uniq_terence, uniq_natasha, uniq_crazy_yiuf_cottage
D:3:      ashenzari_altar_1, chequers_ecumenical_altar_island, uniq_grinder

Skill      XL: |  1  2  3  4 |
---------------+-------------+-----
Fighting       | 3 |  3.4
Dodging        | 3 |  3.4
Unarmed Combat | 4 |  4.1
Stealth        | |  1.1

Action                   |  1- 3 |  4- 6 || total
-------------------------+-------+-------++-------
Melee: Unarmed           |    77 |    54 ||   131
       Punch             |       |     1 ||     1
 Stab: Sleeping          |     1 |       ||     1
  Eat: Chunk             |    15 |     6 ||    21
Armor: Robe              |    19 |    32 ||    51
Dodge: Dodged            |    32 |    24 ||    56

Table legend:
 A = Spawn XP
 B = Non-spawn XP
 C = Spawn XP percentage of total XP
 D = Spawn monster count
 E = Non-spawn monster count
 F = Spawn count percentage of total count
 G = Total turns spent on level
                    A         B        C        D         E        F      G
               +---------+---------+-------+---------+---------+-------+---------
         Total |       0 |     247 |   0.0 |       0 |      44 |   0.0 |  1963
               +---------+---------+-------+---------+---------+-------+---------
           D:1 |       0 |      17 |   0.0 |       0 |      11 |   0.0 |   761
           D:2 |       0 |     223 |   0.0 |       0 |      28 |   0.0 |  1119
           D:3 |       0 |       7 |   0.0 |       0 |       5 |   0.0 |    83
               +---------+---------+-------+---------+---------+-------+---------
